 Dungeon Crawl Stone Soup version 0.22.0-38-g04b72b8c25 (webtiles) character file.

778 RaKsO24 the Carver (level 7, 0/85 HPs)
             Began as a Minotaur Berserker on Aug 29, 2018.
             Was an Elder of Trog.
             Slain by an orc wizard
             ... wielding a +0 short sword
              (3 damage)
             ... on level 5 of the Dungeon.
             The game lasted 00:20:17 (2647 turns).

RaKsO24 the Carver (Minotaur Berserker)             Turns: 2647, Time: 00:20:20

Health: 0/85       AC: 11    Str: 26    XL:     7   Next: 54%
Magic:  15/15      EV:  7    Int:  4    God:    Trog [****..]
Gold:   207        SH:  3    Dex: 12    Spells: 6/6 levels left

rFire    . . .     SeeInvis +   k - +0 falchion
rCold    . . .     Gourm    .   p - +0 buckler
rNeg     . . .     Faith    .   d - +0 plate armour
rPois    .         Spirit   .   (helmet restricted)
rElec    .         Reflect  .   (no cloak)
rCorr    .         Harm     .   (no gloves)
MR       .....                  (no boots)
Stlth    ..........             (no amulet)
HPRegen  0.24/turn              f - ring of magical power
MPRegen  0.14/turn              j - ring of see invisible

@: berserking, very quick
A: retaliatory headbutt, horns 2
a: Berserk, Trog's Hand, Brothers in Arms, Renounce Religion


You were on level 5 of the Dungeon.
You worshipped Trog.
Trog was greatly pleased with you.
You were near starving.

You visited 1 branch of the dungeon, and saw 5 of its levels.

You collected 207 gold pieces.

Inventory:

Hand Weapons
 a - a +0 short sword
 i - a +0 hunting sling
 k - a +0 falchion (weapon)
 u - a +0 blowgun
Missiles
 b - 12 poisoned needles
Armour
 d - a +0 plate armour (worn)
 p - a +0 buckler (worn)
Jewellery
 f - a ring of magical power (left hand)
 j - a ring of see invisible (right hand)
 q - an uncursed ring of stealth {unknown}
 y - an uncursed ring of wizardry {unknown}
Wands
 t - a wand of flame (22)
 w - a wand of polymorph (13)
Scrolls
 e - 3 scrolls of teleportation
 g - 6 scrolls of remove curse
 h - 5 scrolls of identify {unknown}
 n - a scroll of noise {unknown}
 o - 2 scrolls of magic mapping {unknown}
 r - a scroll of fog {unknown}
 s - a scroll of random uselessness {unknown}
 v - 3 scrolls of blinking {unknown}
 x - 3 scrolls of immolation {unknown}
Potions
 l - a potion of mutation {unknown}
 m - 2 potions of lignification {unknown}
 z - a potion of flight {unknown}
 A - 2 potions of curing {unknown}
 B - a potion of brilliance {unknown}
Comestibles
 c - 8 rations


   Skills:
 - Level 3.6 Fighting
 - Level 5.8(7.7) Short Blades
 + Level 8.6(9.5) Long Blades
 - Level 2.4 Armour
 - Level 2.1 Dodging


You had 6 spell levels left.
You didn't know any spells.
Your spell library was empty.

Dungeon Overview and Level Annotations

Branches:
Dungeon (5/15)             Temple (0/1) D:4

Altars:
Ashenzari
Okawaru
Wu Jian

Annotations:
D:3 1 runed door


Innate Abilities, Weirdness & Mutations

You reflexively headbutt those who attack you in melee.
You have a pair of horns on your head.


Message History

Your headbutt misses the orc.
Okay, then.
A red film seems to cover your vision as you go berserk!
You feel yourself moving faster!
You feel mighty!
You are near starving!
The orc wizard hits you but does no damage. x2
The orc barely misses you. You furiously retaliate!
You headbutt the orc.
You riposte.
You slash the orc!
You kill the orc!
Trog accepts your kill.
You barely miss the orc wizard.
The orc wizard is almost dead.
The orc barely misses you.
You closely miss the orc wizard.
The orc wizard is almost dead.
The orc wizard gestures at you while chanting.
The magic dart hits you!
* * * LOW HITPOINT WARNING * * *
The orc wizard hits you with a short sword.
You die...

..###.....†.# #.#
....# #.##........##
..# ...#
........#....###.## #
#...#..#..#†.)..# .#
...........####..##.#
.###........##..#...#
#.......†#......##
#...............###.#
###.###.#....@o......
#. #.....oo)..#... #
...##.......# .
..####.......# #
#.^>....# #....!..#
#........ #........#


You could see 2 orc wizards and an orc.

Vanquished Creatures
  Blork the orc (D:5)
  5 scorpions (D:4)
  2 howler monkeys
  An orc priest (D:5)
  A bullfrog skeleton (D:4)
  2 hounds
  An orc wizard (D:5)
  Jessica (D:2)
  Ijyb (D:3)
  A worker ant zombie (D:5)
  4 gnolls (D:3)
  5 adders
  An adder skeleton (D:5)
  2 worms
  A dart slug (D:1)
  3 leopard geckos
  14 orcs
  3 bats (D:1)
  4 giant cockroaches
  4 goblins (D:1)
  5 hobgoblins
  2 jackals (D:4)
  9 kobolds
  3 quokkas
  9 frilled lizards
  A quokka skeleton (D:4)
  9 rats
95 creatures vanquished.

Notes
Turn   | Place    | Note
-------+----------+-------------------------------------------
     0 | D:1      | RaKsO24 the Minotaur Berserker began the quest for the Orb.
     0 | D:1      | Reached XP level 1. HP: 19/19 MP: 0/0
    56 | D:1      | Reached XP level 2. HP: 25/26 MP: 1/1
   170 | D:1      | Reached ** piety under Trog
   398 | D:1      | Reached XP level 3. HP: 31/31 MP: 2/2
   560 | D:2      | Noticed Jessica
   565 | D:2      | Killed Jessica
   565 | D:2      | Reached skill level 5 in Short Blades
   572 | D:2      | Found an ornate altar of the Wu Jian Council.
   598 | D:2      | Reached XP level 4. HP: 36/39 MP: 3/3
  1308 | D:3      | Found a shattered altar of Ashenzari.
  1312 | D:3      | Saw a vision of the Shoals and the Spider Nest.
  1312 | D:3      | Noticed a redback
  1312 | D:3      | Noticed a redback
  1312 | D:3      | Noticed a wolf spider
  1312 | D:3      | Noticed a redback
  1312 | D:3      | Noticed a merfolk
  1312 | D:3      | Noticed a hippogriff
  1312 | D:3      | Noticed a centaur
  1312 | D:3      | Noticed a merfolk
  1312 | D:3      | Noticed a merfolk
  1315 | D:3      | Noticed a wolf spider
  1315 | D:3      | Noticed a redback
  1329 | D:3      | Noticed Ijyb
  1340 | D:3      | Killed Ijyb
  1340 | D:3      | Reached skill level 1 in Long Blades
  1353 | D:3      | Found a runed door.
  1447 | D:3      | Reached skill level 2 in Long Blades
  1564 | D:3      | Noticed a hippogriff
  1572 | D:3      | Reached *** piety under Trog
  1572 | D:3      | Reached XP level 5. HP: 45/45 MP: 4/4
  1578 | D:3      | Reached skill level 3 in Long Blades
  1805 | D:4      | Reached skill level 4 in Long Blades
  1834 | D:4      | Reached skill level 5 in Long Blades
  1834 | D:4      | Reached XP level 6. HP: 37/51 MP: 5/5
  1887 | D:4      | Reached skill level 6 in Long Blades
  1901 | D:4      | Found an iron altar of Okawaru.
  2085 | D:4      | Reached skill level 7 in Long Blades
  2085 | D:4      | Reached XP level 7. HP: 52/57 MP: 6/6
  2133 | D:4      | Found a staircase to the Ecumenical Temple.
  2494 | D:5      | Entered Level 5 of the Dungeon
  2573 | D:5      | Noticed Blork the orc
  2584 | D:5      | Killed Blork the orc
  2584 | D:5      | Reached **** piety under Trog
  2584 | D:5      | Reached skill level 8 in Long Blades
  2643 | D:5      | HP: 2/57 [orc wizard/magic dart (8)]
  2647 | D:5      | Slain by an orc wizard

Skill      XL: |  1  2  3  4  5  6  7 |
---------------+----------------------+-----
Short Blades   | 4 5 |  5.8
Long Blades    | 2 5 7 8 |  8.6
Fighting       | |  3.6
Armour         | |  2.4
Dodging        | |  2.1

Action                   |  1- 3 |  4- 6 |  7- 9 || total
-------------------------+-------+-------+-------++-------
Melee: Short sword       |    71 |    25 |       ||    96
       Headbutt          |    12 |    25 |    18 ||    55
       Falchion          |       |    95 |    66 ||   161
Invok: Berserk           |       |     1 |     1 ||     2
  Use: Scroll            |       |     2 |       ||     2
  Eat: Chunk             |       |     5 |     1 ||     6
Armor: Plate armour      |    48 |   109 |    41 ||   198
       Animal skin       |     1 |       |       ||     1
Dodge: Dodged            |    28 |    46 |    22 ||    96
Block: Buckler           |       |    15 |    12 ||    27
       Rpst.: Falchion   |       |    11 |     5 ||    16
